 Dungeon Crawl Stone Soup version 0.28.0-53-g5a82cb258f (webtiles) character file.

Game seed: 13778747768978016514

223 NateTC the Chopper (level 5, -3/46 HPs)
             Began as a Deep Dwarf Fighter on June 10, 2022.
             Slain by a hornet (5 damage)
             ... on level 4 of the Dungeon on June 11, 2022.
             The game lasted 00:09:12 (3589 turns).

NateTC the Chopper (Deep Dwarf Fighter)             Turns: 3589, Time: 00:09:13

Health: -3/46      AC:  8    Str: 22    XL:     5   Next: 66%
Magic:  3/3        EV:  9    Int:  8    God:
Gold:   138        SH:  4    Dex: 12    Spells: 4/4 levels left

rFire   . . .      SeeInvis .   a - +0 war axe
rCold   . . .      Faith    .   c - +0 buckler
rNeg    . . .      Spirit   .   b - +0 scale mail
rPois   .          Reflect  .   (no helmet)
rElec   .          Harm     .   (no cloak)
rCorr   .          Rampage  .   (no gloves)
Will    +....                   k - +0 pair of boots
Stlth   ..........              (no amulet)
HPRegen 0.00/turn               n - ring of willpower
MPRegen 0.08/turn               (no ring)

@: mighty, lethally poisoned (-3 -> -3), slowed, very slow
A: damage resistance, heal wounds, sense surroundings 1, no regeneration
a: Heal Wounds


You were on level 4 of the Dungeon.
You visited 1 branch of the dungeon, and saw 4 of its levels.

You collected 138 gold pieces.

Inventory:

Hand Weapons
 a - a +0 war axe (weapon)
Armour
 b - a +0 scale mail (worn)
 c - a +0 buckler (worn)
 k - a +0 pair of boots (worn)
Jewellery
 n - a ring of willpower (left hand)
Scrolls
 e - 2 scrolls of teleportation
 i - a scroll of blinking {unknown}
 l - a scroll of holy word {unknown}
 m - a scroll of enchant armour {unknown}
 o - a scroll of noise {unknown}
Potions
 d - a potion of might
 f - a potion of attraction
 g - a potion of haste {unknown}
 h - a potion of invisibility {unknown}
 j - a potion of cancellation {unknown}


   Skills:
 - Level 2.6 Fighting
 * Level 6.6 Axes
 - Level 3.2 Armour
 - Level 3.2 Shields


You had 4 spell levels left.
You didn't know any spells.
Your spell library contained the following spells:

 Spells                   Type           Power      Damage    Failure   Level
 Animate Skeleton         Necr           0%         N/A       83%         1
 Pain                     Necr           0%         1d4       83%         1
 Tukima's Dance           Hex            0%         N/A       99%         3
 Vampiric Draining        Necr           0%         2d6       99%         3
 Hailstorm                Conj/Ice       0%         3d3       100%        4
 Ice Form                 Ice/Tmut       0%         N/A       100%        4
 Passage of Golubria      Tloc           0%         N/A       100%        4
 Yara's Violent Unravell  Hex/Tmut       0%         3d3       100%        5
 Simulacrum               Ice/Necr       0%         N/A       100%        6


Dungeon Overview and Level Annotations

Branches:
Dungeon (4/15)
 Temple: D:4-7

Altars:
Kikubaaqudgha
Yredelemnul

Shops:
D:4 (


Innate Abilities, Weirdness & Mutations

You are resistant to damage.
You can heal yourself by infusing magical energy.
You passively map a small area around you.
You do not regenerate.


Message History

You block the hornet's attack. The hornet stings you!
* * * LOW HITPOINT WARNING * * *
You feel as though you will be slow longer.
You fail to use your ability.
The hornet barely misses you. You block the hornet's attack.
Your magical essence is drained by the effort!
You feel much better. You block the hornet's attack. The hornet stings you!
You feel as though you will be slow longer.
A goblin comes into view. It is wielding a +0 dagger.
The goblin shouts!
You hit the hornet.
The hornet is lightly wounded.
The hornet stings you but does no damage.
The hornet stings you.
You feel as though you will be slow longer.
The hornet stings you!
* * * LOW HITPOINT WARNING * * *
You feel as though you will be slow longer.
You feel very mighty all of a sudden. The hornet stings you!
* * * LOW HITPOINT WARNING * * *
You feel as though you will be slow longer.
You block the hornet's attack.
You feel much better. The hornet stings you!
You feel as though you will be slow longer.
The hornet stings you!
* * * LOW HITPOINT WARNING * * *
You feel as though you will be slow longer.
You hit the hornet.
The hornet is moderately wounded.
You block the hornet's attack. The hornet stings you!
* * * LOW HITPOINT WARNING * * *
You are poisoned.
You feel as though you will be slow longer.
The howler monkey hoots and howls with incredible vigour!
The hornet stings you but does no damage.
You hear a bark!
You fail to use your ability.
You block the hornet's attack. The hornet stings you!
You die...

, #......................
, .
#......................
#h#.......)..............
,
##.......)...............
#..K.....................
.......gh................
,
...S..SSKK.########....#+
.....###y###...#, #....#.
,..., #..@......#
,+....#. , , . ,
#.........# ,#....+. ** ,
#######.###+##....## , *
#...##.###.#......# , , ,
, , #..........#......#
#. , #..........#......#
,#.., #.....##..#.......
, *,
#...###.....##..#[...##.
#...............#....##'


You could see a hornet, a howler monkey (catching breath), an adder, a goblin
and 2 kobolds.

Vanquished Creatures
  A centaur zombie (D:4)
  A hound (D:4)
  A centaur skeleton (D:3)
  5 adders
  5 worms
  4 dart slugs
  An orc (D:2)
  6 ball pythons
  7 bats
  5 endoplasms
  5 goblins
  8 hobgoblins
  3 quokkas
  4 frilled lizards
  4 kobolds
  7 rats
67 creatures vanquished.

Vanquished Creatures (others)
  9 plants (D:2)
9 creatures vanquished.

Grand Total: 76 creatures vanquished

Notes
Turn   | Place    | Note
-------+----------+-------------------------------------------
     0 | D:1      | NateTC the Deep Dwarf Fighter began the quest for the Orb.
     0 | D:1      | Reached XP level 1. HP: 20/20 MP: 1/1
    55 | D:1      | Reached skill level 3 in Axes
    55 | D:1      | Reached XP level 2. HP: 27/27 MP: 2/2
   583 | D:1      | Reached XP level 3. HP: 22/33 MP: 3/3
   998 | D:1      | Reached skill level 4 in Axes
  1134 | D:2      | Found a basalt altar of Yredelemnul.
  1135 | D:2      | Found a faded altar of an unknown god.
  1459 | D:2      | Reached XP level 4. HP: 37/40 MP: 4/4
  1611 | D:2      | Reached skill level 5 in Axes
  2351 | D:3      | Reached XP level 5. HP: 32/46 MP: 5/5
  3000 | D:3      | Reached skill level 6 in Axes
  3333 | D:4      | Found Xeepouh's Weapon Shop.
  3361 | D:4      | Found an ancient bone altar of Kikubaaqudgha.
  3572 | D:4      | Noticed a hornet
  3582 | D:4      | HP: 1/46 [hornet (8)]
  3588 | D:4      | HP: 2/46 [hornet (8)]
  3589 | D:4      | Slain by a hornet

Illustrated notes

Levels and vault maps discovered:
D:1:      shiori_arrival_maze, layout_basic
D:2:      layout_loops_corners, basic_altar, ebering_ecumenical_altar_hall,
          serial_bayou, serial_bayou_shore_b, serial_bayou_shore_a,
          serial_bayou_ford_a, serial_bayou_lagoon_a, minmay_misc_feat_plants,
          st_stairs_10, nicolae_figureground_sparkle
D:3:      layout_basic
D:4:      layout_gridville, nicolae_overflow_crystal_walls, serial_shops,
          nicolae_shop_hallway_plus, cheibrodos_sewer_entry_bend,
          minmay_manual_mail

Skill      XL: |  1  2  3  4  5 |
---------------+----------------+-----
Axes           | 3 4 5 6 |  6.6
Fighting       | |  2.6
Armour         | |  3.2
Shields        | |  3.2

Action                   |  1- 3 |  4- 6 || total
-------------------------+-------+-------++-------
Melee: War axe           |   108 |    88 ||   196
 Abil: Heal Wounds       |     1 |     3 ||     4
  Use: Scroll            |     1 |     2 ||     3
       Potion            |       |     1 ||     1
Armor: Scale mail        |    52 |    46 ||    98
Dodge: Dodged            |    62 |    31 ||    93
Block: Buckler           |    32 |    28 ||    60
